 Dungeon Crawl Stone Soup version 0.30.1-9-gdf580d7c3d (webtiles) character file.

Game seed: 14426092263793095795

724 booth the Insei (level 7, -3/53 HPs)
             Began as a Gnoll Transmuter on Oct 23, 2023.
             Slain by a water moccasin zombie (6 damage)
             ... in an ossuary on Oct 24, 2023.
             The game lasted 00:26:57 (4035 turns).

booth the Insei (Gnoll Transmuter)                  Turns: 4035, Time: 00:26:57

Health: -3/53      AC:  4    Str: 12    XL:     7   Next: 71%
Magic:  15/15      EV: 13    Int: 12    God:
Gold:   202        SH:  0    Dex: 12    Spells: 6/17 levels left

rFire   . .          .
                       - Unarmed
rCold   . . .        (no shield)
rNeg    . . .        a - +1 robe
rPois   .            c - melded +0 helmet
rElec   .            p - +0 cloak
rCorr   .            (no gloves)
SInv    .            (boots currently unavailable)
Will    .....        (no amulet)
Stlth   ++           m - ring of wizardry
HPRegen 0.28/turn    (no ring)
MPRegen 0.14/turn

%: wizardry (x1)
@: appendages, wereblooded
A: horns 2, talons 2, fangs 1, strong nose, distributed training
a: End Transformation


You were in an ossuary.
You had temporarily grown beastly horns and talons.
You visited 1 branch of the dungeon, and saw 4 of its levels.
You also visited: Ossuary.

You collected 202 gold pieces.

Inventory:

Hand Weapons
 k - the +8 mace of Kisisa {spect, Contam rN+ Str+2 Int+2}
   (You found it on level 3 of the Dungeon)

   Str:       It affects your strength (+2).
   Int:       It affects your intelligence (+2).
   rN:        It protects you from negative energy.
   Contam:    It causes magical contamination when unequipped.
Missiles
 d - 48 stones (quivered)
 j - a boomerang
Armour
 a - a +1 robe (worn)
 c - a +0 helmet (melded)
 f - a +0 ring mail
 p - a +0 cloak (worn)
Jewellery
 m - a ring of wizardry (left hand)
Scrolls
 q - a scroll of poison
Potions
 b - a potion of lignification
 e - a potion of resistance {unknown}
 h - a potion of degeneration {unknown}
 l - 2 potions of attraction
 o - 2 potions of flight


   Skills:
 + Level 3.8 Fighting
 + Level 2.7 Short Blades
 + Level 2.7 Long Blades
 + Level 2.7 Axes
 + Level 2.7 Maces & Flails
 + Level 2.7 Polearms
 + Level 2.7 Staves
 + Level 2.7 Ranged Weapons
 + Level 2.7 Throwing
 + Level 2.7 Armour
 + Level 5.4 Dodging
 + Level 2.7 Stealth
 + Level 2.7 Shields
 + Level 7.1 Unarmed Combat
 + Level 5.7 Spellcasting
 + Level 2.2 Conjurations
 + Level 2.2 Hexes
 + Level 2.2 Summonings
 + Level 2.2 Necromancy
 + Level 2.2 Translocations
 + Level 4.4 Transmutations
 + Level 2.2 Fire Magic
 + Level 2.2 Ice Magic
 + Level 2.2 Air Magic
 + Level 2.2 Earth Magic
 + Level 2.2 Poison Magic
 + Level 3.0 Invocations
 + Level 2.7 Evocations


You had 6 spell levels left.
You knew the following spells:

 Your Spells              Type           Power      Damage    Failure   Level
a - Beastly Appendage     Tmut           28%        N/A       1%          1
b - Wereblood             Tmut           14%        N/A       1%          2
c - Spider Form           Tmut/Pois      11%        N/A       6%          3
d - Ice Form              Ice/Tmut       11%        N/A       19%         4
e - Kiss of Death         Conj/Necr      32%        2d7       3%          1

Your spell library contained the following spells:

 Spells                   Type           Power      Damage    Failure   Level
 Confusing Touch          Hex            8%         N/A       9%          3
 Dispel Undead            Necr           8%         3d8       28%         4


Dungeon Overview and Level Annotations

Branches:
Dungeon (4/15)            Ossuary (1/1)
 Temple: D:4-7

Altars:

Shops:
D:1 =   D:3 ==


Innate Abilities, Weirdness & Mutations

You have temporarily grown beastly horns and talons.
You have very sharp teeth.
Your uncanny sense of smell can sniff out nearby items.
Your experience applies equally to all skills.


Message History

You're too confused to move!
The water moccasin zombie closely misses you.
You bump into the stone wall.
The ogre zombie hits you.
The water moccasin zombie bites you but does no damage.
You closely miss the water moccasin zombie.
You headbutt the water moccasin zombie.
The water moccasin zombie is lightly damaged.
The water moccasin zombie barely misses you.
You bump into the stone wall.
You howl as the wereblood boils in your veins!
The water moccasin zombie bites you. The ogre zombie barely misses you.
You hit the ogre zombie. Your kick misses the ogre zombie.
The ogre zombie is moderately damaged.
You howl as the wereblood boils in your veins!
The water moccasin zombie bites you!
You hit the ogre zombie. You claw the ogre zombie! You bite the ogre zombie.
The ogre zombie is heavily damaged.
The water moccasin zombie bites you. The ogre zombie hits you.
You hit the ogre zombie.
The ogre zombie is severely damaged.
You feel less invigorated.
You feel less confused.
The water moccasin zombie closely misses you.
You hit the ogre zombie. You claw the ogre zombie. You bite the ogre zombie.
The ogre zombie is almost destroyed.
The water moccasin zombie bites you. The ogre zombie hits you!
* * * LOW HITPOINT WARNING * * *
The water moccasin zombie closely misses you.
You completely miss the ogre zombie. You claw the ogre zombie.
You feel a bit better.
You destroy the ogre zombie!
The water moccasin zombie bites you.
* * * LOW HITPOINT WARNING * * *
You hit the orc zombie. Your headbutt misses the orc zombie.
The orc zombie is lightly damaged.
The water moccasin zombie bites you.
* * * LOW HITPOINT WARNING * * *
The orc zombie hits you but does no damage.
The water moccasin zombie bites you.
You die...

#......## #....
#.......## #.....
#........### ###......
#.....8....#####....8..Z
#....8#8.....'.....8#8..
#.....8......'......8...
##...........'..........
##.......ZZ###........Z
##......@.# #........#
########## ##########


You could see a water moccasin zombie and an orc zombie.

Vanquished Creatures
  A bullfrog (D:3)
  A scorpion (Ossuary)
  5 centaur zombies (Ossuary)
  2 hounds
  Crazy Yiuf (D:2)
  Terence (D:2)
  2 iguanas (D:4)
  Natasha (thrice) (D:2)
  2 ogre zombies (Ossuary)
  Robin (D:2)
  3 adders (D:2)
  A white imp (D:3)
  2 adder zombies (Ossuary)
  2 worms (D:3)
  4 dart slugs
  9 orcs
  7 ball pythons
  7 endoplasms
  A giant cockroach (D:2)
  12 hobgoblins
  A quokka (D:2)
  7 bats
  3 frilled lizards
  12 goblins
  2 goblin zombies (Ossuary)
  3 hobgoblin zombies (Ossuary)
  9 kobolds
  4 orc zombies (Ossuary)
  2 rats
110 creatures vanquished.

Notes
Turn   | Place    | Note
-------+----------+-------------------------------------------
     0 | D:1      | booth the Gnoll Transmuter began the quest for the Orb.
     0 | D:1      | Reached XP level 1. HP: 17/17 MP: 6/6
   267 | D:1      | Reached XP level 2. HP: 21/23 MP: 4/7
   539 | D:1      | Reached skill level 5 in Spellcasting
   539 | D:1      | Reached XP level 3. HP: 28/28 MP: 6/9
   543 | D:1      | Found Ytziv's Jewellery Shop.
   821 | D:1      | Learned a level 2 spell: Wereblood
   825 | D:1      | Learned a level 3 spell: Spider Form
   843 | D:2      | Reached skill level 1 in Invocations
   889 | D:2      | Reached skill level 1 in Short Blades
   889 | D:2      | Reached skill level 1 in Long Blades
   889 | D:2      | Reached skill level 1 in Axes
   889 | D:2      | Reached skill level 1 in Maces & Flails
   889 | D:2      | Reached skill level 1 in Polearms
   889 | D:2      | Reached skill level 1 in Staves
   889 | D:2      | Reached skill level 1 in Ranged Weapons
   889 | D:2      | Reached skill level 1 in Throwing
   889 | D:2      | Reached skill level 1 in Armour
   889 | D:2      | Reached skill level 1 in Stealth
   889 | D:2      | Reached skill level 1 in Shields
   889 | D:2      | Reached skill level 1 in Evocations
   889 | D:2      | Reached XP level 4. HP: 25/34 MP: 11/11
   908 | D:2      | Noticed Robin
   932 | D:2      | Reached skill level 1 in Conjurations
   932 | D:2      | Reached skill level 1 in Hexes
   932 | D:2      | Reached skill level 1 in Summonings
   932 | D:2      | Reached skill level 1 in Necromancy
   932 | D:2      | Reached skill level 1 in Translocations
   932 | D:2      | Reached skill level 1 in Fire Magic
   932 | D:2      | Reached skill level 1 in Ice Magic
   932 | D:2      | Reached skill level 1 in Air Magic
   932 | D:2      | Reached skill level 1 in Earth Magic
   932 | D:2      | Reached skill level 1 in Poison Magic
   942 | D:2      | Killed Robin
   979 | D:2      | Noticed Natasha
   985 | D:2      | Learned a level 4 spell: Ice Form
  1007 | D:2      | Killed Natasha
  1008 | D:2      | Reached XP level 5. HP: 25/40 MP: 8/12
  1111 | D:2      | Noticed Terence
  1122 | D:2      | Killed Terence
  1199 | D:2      | Found a runed translucent door.
  1200 | D:2      | Noticed Crazy Yiuf
  1303 | D:2      | Learned a level 1 spell: Kiss of Death
  1494 | D:2      | Noticed Natasha
  1504 | D:2      | Killed Natasha
  1636 | D:2      | Noticed Natasha
  1649 | D:2      | Killed Natasha
  1650 | D:2      | Reached XP level 6. HP: 36/47 MP: 14/14
  1769 | D:2      | Killed Crazy Yiuf
  1770 | D:2      | Reached skill level 5 in Dodging
  2054 | D:3      | Found Goem's Jewellery Emporium.
  2080 | D:3      | Found Tuigaxim's Jewellery Shoppe.
  2180 | D:3      | Found a faded altar of an unknown god.
  2605 | D:3      | Identified the +8 mace of Kisisa {spect, Contam rN+ Str+2
                  | Int+2}
  3406 | D:4      | Reached XP level 7. HP: 26/52 MP: 13/15
  3618 | D:4      | Reached skill level 7 in Unarmed Combat
  3644 | D:4      | Found a sand-covered staircase.
  3654 | Ossuary  | Entered an ossuary
  4035 | Ossuary  | Slain by a water moccasin zombie

Illustrated notes

Levels and vault maps discovered:
D:1:      eino_arrival_cavern_b, layout_basic, serial_shops, shop,
          minmay_hedge_maze
D:2:      layout_rooms, guppyfry_early_orc_mine, uniq_natasha,
          uniq_crazy_yiuf_cottage, uniq_terence, uniq_robin
D:3:      kennysheep_big_flooded_room, layout_basic, serial_shops,
          nicolae_shop_tiny_waterfront, shop, shapermc_ecumenical_altar_venn
D:4:      layout_loops_ring, lemuel_tele_altar, nicolae_ossuary_entry_ruins,
          serial_shops, shop
Ossuary:  ossuary_hellmonk_silent_tomb

Skill      XL: |  1  2  3  4  5  6  7 |
---------------+----------------------+-----
Spellcasting   | 5 |  5.7
Invocations    | 1 2 3 |  3.0
Short Blades   | 1 2 |  2.7
Long Blades    | 1 2 |  2.7
Axes           | 1 2 |  2.7
Maces & Flails | 1 2 |  2.7
Polearms       | 1 2 |  2.7
Staves         | 1 2 |  2.7
Ranged Weapons | 1 2 |  2.7
Throwing       | 1 2 |  2.7
Armour         | 1 2 |  2.7
Stealth        | 1 2 |  2.7
Shields        | 1 2 |  2.7
Evocations     | 1 2 |  2.7
Conjurations   | 1 2 |  2.2
Hexes          | 1 2 |  2.2
Summonings     | 1 2 |  2.2
Necromancy     | 1 2 |  2.2
Translocations | 1 2 |  2.2
Fire Magic     | 1 2 |  2.2
Ice Magic      | 1 2 |  2.2
Air Magic      | 1 2 |  2.2
Earth Magic    | 1 2 |  2.2
Poison Magic   | 1 2 |  2.2
Fighting       | 3 |  3.8
Transmutations | 4 |  4.4
Dodging        | 5 |  5.4
Unarmed Combat | 7 |  7.1

Action                     |  1- 3 |  4- 6 |  7- 9 || total
---------------------------+-------+-------+-------++-------
  Melee: Unarmed           |    65 |   168 |    76 ||   309
         Kick              |     7 |    25 |    26 ||    58
         Punch             |     1 |     1 |     1 ||     3
         Headbutt          |     8 |     9 |    12 ||    29
         Bite              |     2 |    13 |    15 ||    30
  Throw: Stone             |     1 |    13 |       ||    14
         Boomerang         |     2 |     6 |       ||     8
   Cast: Beastly Appendage |    12 |    17 |     9 ||    38
         Wereblood         |       |     2 |     1 ||     3
    Use: Scroll            |     1 |     5 |       ||     6
         Potion            |       |     3 |     2 ||     5
   Stab: Sleeping          |       |     2 |     1 ||     3
 Armour: Robe              |     8 |    47 |    30 ||    85
  Dodge: Dodged            |    34 |   103 |    67 ||   204
